 Dungeon Crawl Stone Soup version 0.17.1-2-g5865329 (webtiles) character file.

154 Jobasha the Ducker (level 5, 0/45 HPs)
             Began as a Minotaur Gladiator on Jan 26, 2016.
             Was an Initiate of Okawaru.
             Slain by a hound (3 damage)
             ... on level 6 of the Dungeon.
             The game lasted 00:10:29 (2054 turns).

Jobasha the Ducker (Minotaur Gladiator)             Turns: 2054, Time: 00:10:29

Health: 0/45       AC:  4    Str: 20    XL:     5   Next: 13%
Magic:  4/4        EV: 10    Int:  5    God:    Okawaru [......]
Gold:   136        SH:  8    Dex: 11    Spells: 0 memorised, 4 levels left

rFire  . . .     SeeInvis .     a - +0 war axe
rCold  . . .     Clarity  .     b - +0 leather armour
rNeg   . . .     SustAt   .     l - +0 shield
rPois  .         Gourm    .     c - +0 hat
rElec  .         Spirit   .     (no cloak)
rCorr  .         Warding  .     g - +0 pair of gloves
rMut   .         Stasis   .     (no boots)
MR     .....                    (no amulet)
Stlth  +.........               (no ring)
                                (no ring)

@: not resistant to hostile enchantments, very unstealthy
A: retaliatory headbutt, horns 2
a: Renounce Religion


You were on level 6 of the Dungeon.
You worshipped Okawaru.
Okawaru was noncommittal.
You were not hungry.

You visited 1 branch of the dungeon, and saw 4 of its levels.

You collected 136 gold pieces.

Inventory:

Hand Weapons
 a - a +0 war axe (weapon)
 o - a +2 mace of draining
Missiles
 d - 3 throwing nets (quivered)
Armour
 b - a +0 leather armour (worn)
 c - a +0 hat (worn)
 g - a +0 pair of gloves (worn)
 l - a +0 shield (worn)
 p - a +0 pair of boots
Wands
 k - a wand of frost (21)
Scrolls
 h - a scroll of identify {unknown}
 i - a scroll of magic mapping {unknown}
 j - 2 scrolls of enchant weapon {unknown}
Comestibles
 e - 2 bread rations
 f - a slice of pizza
 n - 2 beef jerkies


   Skills:
 + Level 3.0 Fighting
 + Level 4.5 Axes
 + Level 2.4 Throwing
 + Level 1.7 Armour
 + Level 4.8 Dodging
 + Level 0.1 Stealth
 + Level 0.8 Shields


You had 4 spell levels left.
You didn't know any spells.

Dungeon Overview and Level Annotations

Branches:
Dungeon (6/15)
 Temple: D:4-7

Altars:
Dithmenos
Okawaru
Qazlal
Vehumet
Zin


Innate Abilities, Weirdness & Mutations

You reflexively headbutt those who attack you in melee.
You have a pair of horns on your head.


Message History

You see here an arrow.
The giant frog hits you but does no damage.
Found a stone staircase leading down.
The centaur shoots an arrow.
You block the arrow.
The centaur shoots an arrow.
The arrow hits you.
* * * LOW HITPOINT WARNING * * *
The hound misses you.
You see here 2 arrows.
The hound bites you.
* * * LOW HITPOINT WARNING * * *
The centaur shoots an arrow.
The arrow hits you.
* * * LOW HITPOINT WARNING * * *
The giant frog closely misses you.
You see here an arrow.
You block the giant frog's attack. The hound closely misses you.
You block the giant frog's attack. The giant frog barely misses you.
The hound bites you but does no damage. The giant frog barely misses you.
The hound bites you.
You die...

# #...........
###..##.#...# ## ##
.#..###.#...####.#..#
....##..............#
....$.(o.{(.........#
......##..oo(.....>.#
._...####..#.(##.###
......##..##.o#######.##
...........#..ch@......#
....##.....#...F.......#
.#..###....#...........#
###.. #.>.####+####...##
...# ...# ..# ..#


You could see a giant frog, a centaur, a hound and an orc.

Vanquished Creatures
  A centaur skeleton (D:6)
  Robin (D:3)
  2 adders
  An ooze (D:1)
  A worm (D:3)
  4 orcs (D:3)
  9 bats
  4 giant cockroaches
  17 goblins
  12 hobgoblins
  6 kobolds
  2 quokkas (D:3)
  A ball python (D:1)
  4 giant geckos
  6 giant newts
  4 jackals (D:3)
  10 rats
85 creatures vanquished.

Notes
Turn   | Place    | Note
--------------------------------------------------------------
     0 | D:1      | Jobasha the Minotaur Gladiator began the quest for the Orb.
     0 | D:1      | Reached XP level 1. HP: 18/18 MP: 0/0
   174 | D:1      | Reached XP level 2. HP: 23/25 MP: 1/1
   446 | D:1      | Reached XP level 3. HP: 30/30 MP: 2/2
   487 | D:1      | Reached skill level 4 in Axes
   570 | D:2      | Noticed Robin
  1021 | D:3      | Killed Robin
  1021 | D:3      | Reached XP level 4. HP: 7/37 MP: 3/3
  1418 | D:3      | Found a glowing silver altar of Zin.
  1452 | D:3      | Found a stormy altar of Qazlal.
  1579 | D:3      | Found a radiant altar of Vehumet.
  1628 | D:3      | Reached skill level 1 in Armour
  1660 | D:3      | Found an iron altar of Okawaru.
  1694 | D:3      | Became a worshipper of Warmaster Okawaru
  2023 | D:3      | You fall through a shaft for 3 floors!
  2023 | D:6      | Noticed a centaur
  2026 | D:6      | Noticed an orc warrior
  2026 | D:6      | Reached XP level 5. HP: 27/45 MP: 4/4
  2026 | D:6      | Noticed a giant frog
  2031 | D:6      | Found a shadowy altar of Dithmenos.
  2049 | D:6      | HP: 2/45 [centaur/arrow (3)]
  2054 | D:6      | Slain by a hound

Action                   |  1- 3 |  4- 6 || total
-------------------------+-------+-------++-------
Melee: War axe           |    91 |    62 ||   153
  Use: Potion            |     1 |       ||     1
  Eat: Chunk             |       |     4 ||     4
